| TOP OF THE 1ST |
|
Kansas City Royals batting - Pitching for Toronto Blue Jays : LHP Spencer Jones
|
|
Pitching: LHP Spencer Jones
|
|
|
Batting: RHB Matt Belgard
|
0-0: Ball 1-0: Ground out 6-3 (Groundball, 4M, EV 87.5 MPH)
|
|
Batting: RHB Imbart Faber
|
0-0: Ball 1-0: Ball 2-0: Called Strike 2-1: Ball 3-1: Foul Ball, location: 2F 3-2: Fly out, F9 (Line Drive, 9D, EV 94.4 MPH)
|
|
Batting: SHB Gil Switzer
|
0-0: Ball 1-0: Foul Ball, location: 2F 1-1: Ground out 6-3 (Groundball, 6, EV 104.4 MPH)
|
| Top of the 1st over - 0 runs, 0 hits, 0 errors, 0 left on base; Kansas City 0 - Toronto 0 |
| BOTTOM OF THE 1ST |
|
Toronto Blue Jays batting - Pitching for Kansas City Royals : LHP John Hall
|
|
Pitching: LHP John Hall
|
|
|
Batting: RHB Donny Burnside
|
0-0: Called Strike 0-1: Foul Ball, location: 2F 0-2: Foul Ball, location: 2F 0-2: Fly out, F9 (Line Drive, 89S, EV 94.4 MPH)
|
|
Batting: SHB Mark Rennie
|
0-0: Ball 1-0: Called Strike 1-1: Foul Ball, location: 2F 1-2: Strikes out swinging
|
|
Batting: RHB Brock Van Gilder
|
0-0: Ball 1-0: Foul Ball, location: 2F 1-1: Ground out 6-3 (Groundball, 56, EV 88.1 MPH)
|
| Bottom of the 1st over - 0 runs, 0 hits, 0 errors, 0 left on base; Kansas City 0 - Toronto 0 |
| TOP OF THE 2ND |
|
Kansas City Royals batting - Pitching for Toronto Blue Jays : LHP Spencer Jones
|
|
Batting: LHB Roman Downey
|
0-0: Ball 1-0: Called Strike 1-1: Swinging Strike 1-2: Ball 2-2: Ball 3-2: Base on Balls
|
|
Batting: RHB Adam Martin
|
0-0: Foul Ball, location: 2F 0-1: Ball 1-1: Called Strike 1-2: Ball 2-2: Strikes out swinging
|
|
Batting: RHB Mikolas Markus
|
0-0: Called Strike 0-1: Foul Ball, location: 2F 0-2: Ball 1-2: Strikes out looking
|
|
Batting: LHB Pete Hansel
|
0-0: Called Strike 0-1: Called Strike 0-2: SINGLE (Groundball, 34D, EV 101.9 MPH) Roman Downey to second Runner from 2nd tries for 3rd, SAFE, throw by RF made to third
|
|
Batting: LHB Jim Pankratz
|
0-0: Ball 1-0: Swinging Strike 1-1: Fly out, F6 (Popup, 56, EV 60.0 MPH)
|
| Top of the 2nd over - 0 runs, 1 hit, 0 errors, 2 left on base; Kansas City 0 - Toronto 0 |
| BOTTOM OF THE 2ND |
|
Toronto Blue Jays batting - Pitching for Kansas City Royals : LHP John Hall
|
|
Batting: LHB Willis Robles
|
0-0: Ball 1-0: Ball 2-0: SINGLE (Flyball, 6MD, EV 92.5 MPH)
|
|
Batting: RHB Kirk Arp
|
0-0: Ball 1-0: Ball 2-0: Ball 3-0: Base on Balls Willis Robles to second
|
|
Batting: RHB Alex Ramos
|
0-0: Called Strike 0-1: DOUBLE (Line Drive, 7LS, EV 113.8 MPH) Willis Robles scores Kirk Arp to third
|
|
Batting: LHB Nate Dean
|
0-0: Ball 1-0: Foul Ball, location: 2F 1-1: Called Strike 1-2: Strikes out swinging
|
|
Batting: LHB Michael Byrd
|
0-0: Called Strike 0-1: Ball 1-1: Ball 2-1: Ball 3-1: Foul Ball, location: 2F 3-2: Ground out 4-3 (Groundball, 4, EV 80.0 MPH) Kirk Arp scores Alex Ramos to third
|
|
Batting: LHB Jon Schick
|
0-0: Ball 1-0: SINGLE (Groundball, 4MD, EV 110.0 MPH) Alex Ramos scores
|
|
Batting: RHB Donny Burnside
|
0-0: Ball Wild Pitch! Jon Schick to second 1-0: Ball 2-0: Called Strike 2-1: Ground out 5-3 (Groundball, 56, EV 91.9 MPH)
|
| Bottom of the 2nd over - 3 runs, 3 hits, 0 errors, 1 left on base; Kansas City 0 - Toronto 3 |
| TOP OF THE 3RD |
|
Kansas City Royals batting - Pitching for Toronto Blue Jays : LHP Spencer Jones
|
|
Batting: LHB Sam Britt
|
0-0: Foul Ball, location: 2F 0-1: Called Strike 0-2: Ball 1-2: Ground out 6-3 (Groundball, 6M, EV 86.2 MPH)
|
|
Batting: RHB Matt Belgard
|
0-0: Called Strike 0-1: Ball 1-1: Ball 2-1: Ball 3-1: SINGLE (Flyball, 89S, EV 100.6 MPH)
|
|
Batting: RHB Imbart Faber
|
0-0: Called Strike 0-1: Called Strike 0-2: Ball 1-2: Ball 2-2: Grounds into double play, 4-6-3 (Groundball, 4, EV 102.5 MPH)
|
| Top of the 3rd over - 0 runs, 1 hit, 0 errors, 0 left on base; Kansas City 0 - Toronto 3 |
| BOTTOM OF THE 3RD |
|
Toronto Blue Jays batting - Pitching for Kansas City Royals : LHP John Hall
|
|
Batting: SHB Mark Rennie
|
0-0: Ball 1-0: Called Strike 1-1: Foul Ball, location: 2F 1-2: Ground out 4-3 (Groundball, 6MS, EV 81.9 MPH)
|
|
Batting: RHB Brock Van Gilder
|
0-0: Ball 1-0: Called Strike 1-1: Foul Ball, location: 2F 1-2: Strikes out swinging
|
|
Batting: LHB Willis Robles
|
0-0: Ball 1-0: Ball 2-0: Called Strike 2-1: Ball 3-1: Base on Balls
|
|
Pitching: RHP Brandon Ferrari
|
|
|
Batting: RHB Kirk Arp
|
0-0: Called Strike Willis Robles steals 2nd, throwing error, E2 Willis Robles to third 0-1: Foul Ball, location: 2F 0-2: Foul Ball, location: 2F 0-2: Ball 1-2: Ball 2-2: Ball 3-2: Base on Balls
|
|
Batting: RHB Alex Ramos
|
0-0: Ball Kirk Arp is caught stealing 2nd base 2-4
|
| Bottom of the 3rd over - 0 runs, 0 hits, 1 error, 1 left on base; Kansas City 0 - Toronto 3 |
| TOP OF THE 4TH |
|
Kansas City Royals batting - Pitching for Toronto Blue Jays : LHP Spencer Jones
|
|
Batting: SHB Gil Switzer
|
0-0: Ball 1-0: Called Strike 1-1: Called Strike 1-2: Foul Ball, location: 2F 1-2: Ball 2-2: Foul Ball, location: 2F 2-2: Ball 3-2: Foul Ball, location: 2F 3-2: Fly out, F8 (Flyball, 89M, EV 87.5 MPH)
|
|
Batting: LHB Roman Downey
|
0-0: Ball 1-0: Ball 2-0: Ball 3-0: Called Strike 3-1: Called Strike 3-2: Base on Balls
|
|
Batting: RHB Adam Martin
|
0-0: Ball 1-0: Swinging Strike 1-1: Ball 2-1: Foul Ball, location: 2F 2-2: Ball 3-2: Foul Ball, location: 2F 3-2: Foul Ball, location: 2F 3-2: Grounds into double play, 4-6-3 (Groundball, 4, EV 99.4 MPH)
|
| Top of the 4th over - 0 runs, 0 hits, 0 errors, 0 left on base; Kansas City 0 - Toronto 3 |
| BOTTOM OF THE 4TH |
|
Toronto Blue Jays batting - Pitching for Kansas City Royals : RHP Brandon Ferrari
|
|
Batting: RHB Alex Ramos
|
0-0: Ball 1-0: Foul Ball, location: 2F 1-1: Ground out 6-3 (Groundball, 6, EV 89.4 MPH)
|
|
Batting: LHB Nate Dean
|
0-0: Ball 1-0: SOLO HOME RUN (Flyball, 89XD, EV 100.0 MPH), Distance : 419 ft
|
|
Batting: LHB Michael Byrd
|
0-0: Ball 1-0: Ball 2-0: Called Strike 2-1: Foul Ball, location: 2F 2-2: Strikes out swinging
|
|
Batting: LHB Jon Schick
|
0-0: Foul Ball, location: 2F 0-1: Ball 1-1: Ball 2-1: Foul Ball, location: 2F 2-2: DOUBLE (Flyball, 78D, EV 105.6 MPH)
|
|
Pinch Hitting: SHB Dominik Hasek II
|
0-0: Called Strike 0-1: Called Strike 0-2: Ball 1-2: Strikes out swinging
|
| Bottom of the 4th over - 1 run, 2 hits, 0 errors, 1 left on base; Kansas City 0 - Toronto 4 |
| TOP OF THE 5TH |
|
Kansas City Royals batting - Pitching for Toronto Blue Jays : LHP Spencer Jones
|
|
Pitching: LHP Keith Pratt
|
|
|
Now at C: Zory Larikov
|
|
|
Now at 1B: Kyle Scruggs
|
|
|
Now at 3B: John Loving
|
|
|
Now at SS: Dylan Novakowski
|
|
|
Now in CF: Dominik Hasek II
|
|
|
Batting: RHB Mikolas Markus
|
0-0: Called Strike 0-1: Foul Ball, location: 2F 0-2: Ball 1-2: Ball 2-2: Foul Ball, location: 2F 2-2: Ball 3-2: Strikes out swinging
|
|
Batting: LHB Pete Hansel
|
0-0: Ball 1-0: Ball 2-0: Ball 3-0: Called Strike 3-1: SINGLE (Groundball, 4MS, EV 66.9 MPH) (infield hit)
|
|
Batting: LHB Jim Pankratz
|
0-0: Ball 1-0: Ball Wild Pitch! Pete Hansel to second 2-0: Foul Ball, location: 2F 2-1: Foul Ball, location: 2F 2-2: Ground out U3 (Groundball, 34S, EV 89.4 MPH) Pete Hansel to third
|
|
Batting: LHB Sam Britt
|
0-0: Swinging Strike 0-1: Ball 1-1: Foul Ball, location: 2F 1-2: Foul Ball, location: 2F 1-2: Ball 2-2: Foul Ball, location: 2F 2-2: Strikes out looking
|
| Top of the 5th over - 0 runs, 1 hit, 0 errors, 1 left on base; Kansas City 0 - Toronto 4 |
| BOTTOM OF THE 5TH |
|
Toronto Blue Jays batting - Pitching for Kansas City Royals : RHP Brandon Ferrari
|
|
Pitching: RHP Asa Hahn
|
|
|
Now at 2B: Jose Pacheco
|
|
|
Now at 3B: Ken Postlethwaite
|
|
|
Now at SS: Yuichi Takata
|
|
|
Now in RF: Robby Diaz
|
|
|
Batting: SHB Mark Rennie
|
0-0: Ball 1-0: Ball 2-0: Ball 3-0: Base on Balls
|
|
Batting: SHB Zory Larikov
|
0-0: Ball 1-0: Ball 2-0: Foul Ball, location: 2F 2-1: Fly out, F8 (Flyball, 8LM, EV 91.2 MPH)
|
|
Batting: LHB Willis Robles
|
0-0: Called Strike 0-1: Ball 1-1: Swinging Strike 1-2: Ball 2-2: Strikes out swinging
|
|
Batting: SHB Dylan Novakowski
|
0-0: Called Strike 0-1: Ball 1-1: Ball 2-1: Ball 3-1: Base on Balls Mark Rennie to second
|
|
Batting: RHB Kyle Scruggs
|
0-0: Swinging Strike 0-1: Swinging Strike 0-2: Ball 1-2: Ball 2-2: Foul Ball, location: 2F 2-2: Ball 3-2: Foul Ball, location: 2F 3-2: Strikes out looking
|
| Bottom of the 5th over - 0 runs, 0 hits, 0 errors, 2 left on base; Kansas City 0 - Toronto 4 |
| TOP OF THE 6TH |
|
Kansas City Royals batting - Pitching for Toronto Blue Jays : LHP Keith Pratt
|
|
Pitching: RHP Bobby Wright
|
|
|
Batting: SHB Jose Pacheco
|
0-0: Swinging Strike 0-1: Fly out, F7 (Flyball, 7D, EV 94.4 MPH)
|
|
Batting: LHB Robby Diaz
|
0-0: Called Strike 0-1: Ball 1-1: Called Strike 1-2: Ball 2-2: Foul Ball, location: 2F 2-2: Fly out, F9 (Flyball, 89M, EV 92.5 MPH)
|
|
Pinch Hitting: LHB Bill Baconneck
|
0-0: Ball 1-0: Ball 2-0: Ball 3-0: Base on Balls
|
|
Batting: RHB Ken Postlethwaite
|
0-0: Foul Ball, location: 2F 0-1: Foul Ball, location: 2F 0-2: Strikes out swinging
|
| Top of the 6th over - 0 runs, 0 hits, 0 errors, 1 left on base; Kansas City 0 - Toronto 4 |
| BOTTOM OF THE 6TH |
|
Toronto Blue Jays batting - Pitching for Kansas City Royals : RHP Asa Hahn
|
|
Pitching: RHP Jimmy Silveira IV
|
|
|
Now in LF: Bill Baconneck
|
|
|
Batting: RHB John Loving
|
0-0: Called Strike 0-1: Foul Ball, location: 2F 0-2: Strikes out swinging
|
|
Pinch Hitting: SHB Jack Andrews
|
0-0: Ball 1-0: Ball 2-0: Ball 3-0: Base on Balls
|
|
Pinch Hitting: RHB Danny Burnside
|
0-0: Ball Jack Andrews steals 2nd base 1-0: Foul Ball, location: 2F 1-1: Called Strike 1-2: Fly out, F8 (Flyball, 8LD, EV 93.8 MPH) Runner from 2nd tags up, SAFE at 3rd with throw by CF
|
|
Batting: SHB Dominik Hasek II
|
0-0: Ball 1-0: Ball 2-0: DOUBLE (Line Drive, 9LD, EV 107.5 MPH) Jack Andrews scores
|
|
Batting: SHB Gregg Whitecotton
|
0-0: Ball 1-0: Ball 2-0: Ball 3-0: Called Strike 3-1: Called Strike 3-2: Foul Ball, location: 2F 3-2: Base on Balls
|
|
Batting: SHB Zory Larikov
|
0-0: Ball 1-0: Ball 2-0: Ball 3-0: Called Strike 3-1: Called Strike 3-2: Foul Ball, location: 2F 3-2: Foul Ball, location: 2F 3-2: Strikes out swinging
|
| Bottom of the 6th over - 1 run, 1 hit, 0 errors, 2 left on base; Kansas City 0 - Toronto 5 |
| TOP OF THE 7TH |
|
Kansas City Royals batting - Pitching for Toronto Blue Jays : RHP Bobby Wright
|
|
Now at 2B: Jack Andrews
|
|
|
Now in LF: Justin Powell
|
|
|
Now in RF: Danny Burnside
|
|
|
Batting: LHB Justin Rupert
|
0-0: Called Strike 0-1: Swinging Strike 0-2: Foul Ball, location: 2F 0-2: Ball 1-2: Foul Ball, location: 2F 1-2: Strikes out swinging
|
|
Batting: RHB Yuichi Takata
|
0-0: Ball 1-0: Foul Ball, location: 2F 1-1: Ground out 6-3 (Groundball, 56, EV 101.2 MPH)
|
|
Pinch Hitting: RHB Walt Cogswell
|
0-0: Swinging Strike 0-1: Swinging Strike 0-2: Ball 1-2: Ball 2-2: Foul Ball, location: 2F 2-2: Foul Ball, location: 2F 2-2: Ball 3-2: Base on Balls
|
|
Pinch Hitting: LHB Manny Estrada
|
0-0: Foul Ball, location: 2F 0-1: Ball 1-1: Foul Ball, location: 2F 1-2: Ball 2-2: Strikes out looking
|
| Top of the 7th over - 0 runs, 0 hits, 0 errors, 1 left on base; Kansas City 0 - Toronto 5 |
| BOTTOM OF THE 7TH |
|
Toronto Blue Jays batting - Pitching for Kansas City Royals : RHP Jimmy Silveira IV
|
|
Pitching: RHP Gan Ts'ong
|
|
|
Now at 1B: Manny Estrada
|
|
|
Now in CF: Walt Cogswell
|
|
|
Batting: RHB Justin Powell
|
0-0: Ball 1-0: Called Strike 1-1: Ball 2-1: SINGLE (Line Drive, 89S, EV 106.9 MPH)
|
|
Batting: SHB Dylan Novakowski
|
0-0: Ball 1-0: Ball 2-0: Ball 3-0: Base on Balls Justin Powell to second
|
|
Batting: RHB Kyle Scruggs
|
0-0: 3-RUN HOME RUN (Flyball, 7D, EV 111.2 MPH), Distance : 422 ft
|
|
Batting: RHB John Loving
|
0-0: Ball 1-0: Swinging Strike 1-1: Swinging Strike 1-2: Ball 2-2: Ball 3-2: Strikes out swinging
|
|
Batting: SHB Jack Andrews
|
0-0: Called Strike 0-1: Ball 1-1: Ball 2-1: Foul Ball, location: 2F 2-2: Ball 3-2: Base on Balls
|
|
Batting: RHB Danny Burnside
|
0-0: Called Strike 0-1: Swinging Strike 0-2: Ball 1-2: Ball 2-2: Ball 3-2: Grounds into double play, 5-4-3 (Groundball, 5S, EV 86.9 MPH)
|
| Bottom of the 7th over - 3 runs, 2 hits, 0 errors, 0 left on base; Kansas City 0 - Toronto 8 |
| TOP OF THE 8TH |
|
Kansas City Royals batting - Pitching for Toronto Blue Jays : RHP Bobby Wright
|
|
Pitching: RHP Timo Lantinga
|
|
|
Batting: LHB Sam Britt
|
0-0: Called Strike 0-1: Foul Ball, location: 2F 0-2: Ball 1-2: Foul Ball, location: 2F 1-2: Ball 2-2: Fly out, F9 (Flyball, 89S, EV 87.5 MPH)
|
|
Batting: SHB Jose Pacheco
|
0-0: Ball 1-0: Ball 2-0: Called Strike 2-1: Foul Ball, location: 2F 2-2: Strikes out swinging
|
|
Batting: LHB Robby Diaz
|
0-0: Called Strike 0-1: Ball 1-1: Fly out, F8 (Flyball, 8LS, EV 83.8 MPH)
|
| Top of the 8th over - 0 runs, 0 hits, 0 errors, 0 left on base; Kansas City 0 - Toronto 8 |
| BOTTOM OF THE 8TH |
|
Toronto Blue Jays batting - Pitching for Kansas City Royals : RHP Gan Ts'ong
|
|
Pitching: RHP Joe Noonan
|
|
|
Batting: SHB Dominik Hasek II
|
0-0: Ball 1-0: Ball 2-0: Called Strike 2-1: Ball 3-1: Fly out, F4 (Popup, 3S, EV 76.2 MPH)
|
|
Batting: SHB Gregg Whitecotton
|
0-0: Called Strike 0-1: Ground out 6-3 (Groundball, 6, EV 87.5 MPH)
|
|
Batting: SHB Zory Larikov
|
0-0: Called Strike 0-1: Ball 1-1: Ball 2-1: SINGLE (Groundball, 5S, EV 73.8 MPH) (infield hit)
|
|
Batting: RHB Justin Powell
|
0-0: Ball 1-0: Ground out 5-3 (Groundball, 15, EV 87.5 MPH)
|
| Bottom of the 8th over - 0 runs, 1 hit, 0 errors, 1 left on base; Kansas City 0 - Toronto 8 |
| TOP OF THE 9TH |
|
Kansas City Royals batting - Pitching for Toronto Blue Jays : RHP Timo Lantinga
|
|
Pitching: RHP Mel Schultz
|
|
|
Batting: LHB Bill Baconneck
|
0-0: Ball 1-0: Called Strike 1-1: Swinging Strike 1-2: Ball 2-2: Foul Ball, location: 2F 2-2: Strikes out looking
|
|
Batting: RHB Ken Postlethwaite
|
0-0: Ball 1-0: Ball 2-0: Fly out, F3 (Popup, 3F, EV 63.1 MPH)
|
|
Batting: LHB Justin Rupert
|
0-0: Ball 1-0: Swinging Strike 1-1: Foul Ball, location: 2F 1-2: Ball 2-2: Foul Ball, location: 2F 2-2: Strikes out swinging
|
| Top of the 9th over - 0 runs, 0 hits, 0 errors, 0 left on base; Kansas City 0 - Toronto 8 |
|